 Dungeon Crawl Stone Soup version 0.26-a0-1138-gef23d1325b (webtiles) character file.

Game seed: 11300308138344091440

1312 ANON1729 the Covert (level 8, -3/82 HPs)
             Began as a Vampire Brigand on Dec 21, 2020.
             Was a Plaything of Xom.
             Slain by an ogre
             ... wielding a +0 giant club
              (7 damage)
             ... on level 6 of the Dungeon.
             The game lasted 00:10:40 (5976 turns).

ANON1729 the Covert (Vampire Brigand)               Turns: 5976, Time: 00:10:41

Health: -3/82      AC: 24    Str:  7 (8)  XL:     8   Next: 32%
Magic:  8/8        EV:  2    Int: 13 (16) God:    Xom [..*...]
Gold:   1213       SH:  0    Dex: 14 (15) Spells: 7/7 levels left

rFire    . . .     SeeInvis +   f - +3 long sword of the Pillar {vamp, Stlth+}
rCold    . . .     Faith    .   (no shield)
rNeg     + + +     Spirit   .   (armour currently unavailable)
rPois    +         Reflect  .   (helmet currently unavailable)
rElec    .         Harm     .   (cloak currently unavailable)
rCorr    .         Rampage  .   (gloves currently unavailable)
Will     .....     NoTele   +   (boots currently unavailable)
Stlth    +++++++...             (no amulet)
HPRegen  0.43/turn              (no ring)
MPRegen  0.11/turn              (no ring)

@: lethally poisoned (-3 -> -3), tree-form, regenerating quickly, invisible
A: thin skeletal structure 1, see invisible, clumsy 1, weak 1
a: Exsanguinate, Renounce Religion


You were on level 6 of the Dungeon.
You worshipped Xom.
You were a toy of Xom.
You were a tree.
You visited 2 branches of the dungeon, and saw 7 of its levels.

You collected 1535 gold pieces.
You spent 322 gold pieces at shops.

Inventory:

Hand Weapons
 a - a +2 dagger
 f - the +3 long sword of the Pillar (weapon) {vamp, Stlth+}
   (You found it on level 5 of the Dungeon)

   It inflicts no extra harm, but heals its wielder when it wounds a living foe.
   It makes you more stealthy.
Missiles
 d - 21 poisoned darts (quivered)
 e - 2 curare-tipped darts
 t - 11 atropa-tipped darts
Armour
 b - a +0 robe (melded)
 c - a +0 cloak (melded)
 j - a +0 pair of boots (melded)
 q - a +2 pair of gloves (melded)
 x - a +0 helmet (melded)
Wands
 k - a wand of random effects (8)
 s - a wand of flame (22)
Scrolls
 h - 4 scrolls of remove curse
 i - 3 scrolls of enchant weapon
 m - 3 scrolls of identify {unknown}
 p - 5 scrolls of teleportation
 r - 2 scrolls of amnesia {unknown}
 u - a scroll of fog {unknown}
 v - a scroll of noise {unknown}
 w - 3 scrolls of enchant armour {unknown}
 y - a scroll of immolation
Potions
 g - a potion of heal wounds {unknown}
 l - a potion of degeneration
 n - a potion of flight
 o - a potion of mutation {unknown}


   Skills:
 - Level 1.7 Fighting
 + Level 8.1 Short Blades
 - Level 1.5 Throwing
 - Level 1.1 Dodging
 + Level 12.2 Stealth


You had 7 spell levels left.
You didn't know any spells.
Your spell library was empty.

Dungeon Overview and Level Annotations

Branches:
Dungeon (6/15)             Temple (1/1) D:5

Altars:
Ashenzari
Cheibriados
Elyvilon
Fedhas
Gozag
Hepliaklqana
Makhleb
Nemelex Xobeh
Okawaru
Ru
Sif Muna
Trog
Uskayaw
Wu Jian
Xom
Zin

Shops:
D:4 [   D:5 *

Annotations:
D:6 Blork the orc


Innate Abilities, Weirdness & Mutations

Your natural rate of healing is unusually fast.
((You have razor-sharp teeth.))
You have supernaturally acute eyesight. (SInv)
((You can survive without breathing.))
You have a somewhat thin skeletal structure. (Dex +2, Stealth)
You are clumsy. (Dex -2)
You are weak. (Str -2)


Message History

The ogre is heavily wounded.
It was a potion of degeneration.
There was something very wrong with that liquid.
You feel weakened.
You feel dopey.
You feel clumsy.
Xom is amused.
Blork the orc looks encouraged for a moment.
The gnoll hits you but does no damage.
Evoke which item? (* to show all) (? for menu, Esc to quit)
Okay, then.
Unknown command.
Unknown command.
It was a potion of invisibility.
You fade into invisibility!
Xom roars with laughter!
You feel sick.
Blork the orc hits you from afar with a +3 glaive of distortion.
* * * LOW HITPOINT WARNING * * *
The ogre hits you with a +0 giant club!
You die...
Xom snickers!

......!>.. ..........
.####.. .........#
......#### .........#
.......... .........#
#........# .........#
#.##........#
.........####.##........#
#.......oO♣g.#.........#
###...$..####..........#
#####....#..........#####
#....#..........#....
#.#..................
###.###...........#....
#......(...............
#......##.......#..####
######......#.........###


You could see Blork the orc (fast, invisible), an ogre and a gnoll.

Vanquished Creatures
  Edmund (D:4)
  A sky beast (D:5)
  An ice beast (D:4)
  An ogre (D:5)
  A phantom (D:4)
  A boggart (D:3)
  A bullfrog (D:3)
  A scorpion (D:6)
  2 howler monkeys
  2 hounds (D:4)
  6 orc priests
  A bullfrog skeleton (D:5)
  Jessica (D:2)
  An iguana (D:4)
  An orc wizard (D:4)
  3 worker ants (D:4)
  Robin (D:4)
  6 adders
  3 gnolls (D:3)
  A river rat (D:4)
  A shadow imp (D:5)
  2 ufetubi (D:5)
  An adder zombie (D:6)
  A worm (D:3)
  5 dart slugs
  3 leopard geckos
  11 orcs
  2 giant cockroaches
  11 goblins
  6 hobgoblins
  5 jackals
  3 bats
  4 frilled lizards
  7 kobolds
  A quokka zombie (D:5)
  6 rats
105 creatures vanquished.

Vanquished Creatures (others)
  A fungus (D:4)
  3 plants (D:5)
4 creatures vanquished.

Grand Total: 109 creatures vanquished

Notes
Turn   | Place    | Note
-------+----------+-------------------------------------------
     0 | D:1      | ANON1729 the Vampire Brigand began the quest for the Orb.
     0 | D:1      | Reached XP level 1. HP: 16/16 MP: 1/1
    79 | D:1      | Reached skill level 6 in Stealth
   160 | D:1      | Reached XP level 2. HP: 18/22 MP: 2/2
   866 | D:2      | Noticed Jessica
   872 | D:2      | Killed Jessica
   873 | D:2      | Reached skill level 7 in Stealth
   873 | D:2      | Reached XP level 3. HP: 27/27 MP: 3/3
   911 | D:2      | Found a faded altar of an unknown god.
   951 | D:2      | Became a worshipper of Xom the Fickle
  1026 | D:2      | Reached XP level 4. HP: 33/33 MP: 4/4
  1194 | D:2      | XOM: divination: magic mapping
  1227 | D:2      | Found a sparkling altar of Nemelex Xobeh.
  1321 | D:2      | XOM: divination: magic mapping
  1619 | D:3      | XOM: silly message
  1894 | D:3      | XOM: scenery: summon butterflies
  2012 | D:3      | Noticed a bullfrog
  2017 | D:3      | XOM: divination: detect creatures
  2029 | D:3      | Killed a bullfrog
  2029 | D:3      | XOM: god gift: pair of embroidered gloves {god gift}
  2030 | D:3      | Reached skill level 8 in Stealth
  2030 | D:3      | Reached XP level 5. HP: 38/38 MP: 5/5
  2077 | D:3      | XOM: scenery: 1 doors close
  2124 | D:3      | You fall into a shaft and drop 2 floors!
  2124 | D:5      | Entered Level 5 of the Dungeon
  2148 | D:4      | XOM: divination: detect items
  2278 | D:4      | Reached skill level 5 in Short Blades
  2332 | D:4      | Noticed Edmund
  2348 | D:4      | XOM: confuse monster(s)
  2355 | D:4      | XOM: potion effect (invisibility)
  2364 | D:4      | Killed Edmund
  2365 | D:4      | Reached skill level 9 in Stealth
  2365 | D:4      | Reached XP level 6. HP: 32/44 MP: 6/6
  2443 | D:4      | XOM: 1-stop teleportation journey
  2501 | D:3      | XOM: polymorph gnoll -> boggart
  2565 | D:3      | Reached skill level 10 in Stealth
  2642 | D:3      | XOM: cloud trail
  2820 | D:4      | XOM: destruction
  2843 | D:4      | Reached XP level 7. HP: 49/49 MP: 7/7
  2930 | D:4      | Noticed Robin
  2979 | D:4      | Killed Robin
  3013 | D:4      | Found Ruwalor's Armour Boutique.
  3178 | D:4      | XOM: enchant monster (bad)
  3217 | D:4      | XOM: destruction
  3259 | D:4      | XOM: scenery: create altars
  3439 | D:4      | XOM is BORED!
  3439 | D:4      | XOM: polymorph orc priest -> river rat
  3454 | D:4      | XOM: 2-stop teleportation journey
  3547 | D:4      | XOM: confuse monster(s)
  3728 | D:4      | XOM: god gift: 1131 gold pieces
  3828 | D:4      | Found a runed translucent door.
  3829 | D:4      | Noticed Crazy Yiuf
  4208 | D:4      | Paralysed by Crazy Yiuf for 2 turns
  4226 | D:4      | XOM: enchant monster (bad)
  4238 | D:4      | XOM: noise
  4249 | D:4      | Noticed Crazy Yiuf
  4249 | D:4      | Crazy Yiuf changed into Crazy Yiuf the howler monkey
  4249 | D:4      | XOM: polymorph Crazy Yiuf -> Crazy Yiuf the howler monkey
  4353 | D:4      | Killed Crazy Yiuf the howler monkey
  4354 | D:4      | Reached skill level 11 in Stealth
  4520 | D:5      | XOM: divination: detect items
  4589 | D:5      | Found a staircase to the Ecumenical Temple.
  4641 | D:5      | Got a crude long sword
  4642 | D:5      | Identified the +3 long sword of the Pillar {vamp, Stlth+}
                  | (You found it on level 5 of the Dungeon)
  4649 | Temple   | Entered the Ecumenical Temple
  4759 | D:5      | XOM: repel stairs
  4882 | D:5      | XOM: give mutation
  4888 | D:5      | Reached XP level 8. HP: 49/55 MP: 8/8
  4950 | D:5      | Found a white marble altar of Elyvilon.
  5206 | D:5      | XOM: potion effect (might)
  5226 | D:5      | XOM: silly message
  5277 | D:5      | XOM: god gift: helmet {god gift}
  5388 | D:5      | XOM: give mutations
  5388 | D:5      | Gained mutation: You have a somewhat thin skeletal
                  | structure. (Dex +2, Stealth) [Xom's mischief]
  5388 | D:5      | Gained mutation: You are weak. (Str -2) [Xom's mischief]
  5388 | D:5      | Gained mutation: You are clumsy. (Dex -2) [Xom's mischief]
  5565 | D:5      | Reached skill level 12 in Stealth
  5603 | D:5      | Found Vorph's General Store.
  5626 | D:5      | Bought a scroll of teleportation for 42 gold pieces
  5626 | D:5      | Bought a scroll of enchant weapon for 105 gold pieces
  5626 | D:5      | Bought a potion of flight for 42 gold pieces
  5626 | D:5      | Bought a scroll of remove curse for 42 gold pieces
  5626 | D:5      | Bought a potion of lignification for 42 gold pieces
  5626 | D:5      | Bought a scroll of immolation for 49 gold pieces
  5948 | D:6      | Noticed Blork the orc
  5948 | D:6      | XOM: noise
  5976 | D:6      | HP: 4/82 [Blork the orc/+3 glaive of distortion (2)]
  5976 | D:6      | Slain by an ogre

Illustrated notes

Levels and vault maps discovered:
D:1:      giann_wishing_wells, layout_loops_ring, kennysheep_pointless_box,
          roderic_serpentine_path
D:2:      layout_basic, nemelex_xobeh_ov_fountains_minmay,
          chequers_ecumenical_altar_simple_redux, uniq_jessica
D:3:      layout_basic, serial_forest, infiniplex_forest_pool,
          infiniplex_forest_clump_tiny, infiniplex_forest_lined_1,
          infiniplex_forest_diagonal, infiniplex_forest_clump_diagonal,
          chequers_serial_rivers_micro_c, minmay_puff
D:4:      layout_layer_cave, serial_shops, nicolae_shop_crystal,
          uniq_crazy_yiuf_cottage, uniq_robin, uniq_edmund
D:5:      wad_lake_hut, layout_layer_cave, elyvilon_altar_3,
          minmay_temple_entry_water_ring, serial_shops,
          nicolae_shop_statue_plus, serial_bayou_ford_a
D:6:      layout_rooms, lemuel_zombie_altar_yredelemnul, lemuel_round_altar,
          uniq_blork_the_orc
Temple:   jpeg_temple_clearing

Skill      XL: |  1  2  3  4  5  6  7  8 |
---------------+-------------------------+-----
Stealth        | 6 7 8 9 10 11 12 | 12.2
Short Blades   | 3 4 5 6 7 8 |  8.1
Fighting       | |  1.7
Throwing       | |  1.5
Dodging        | |  1.1

Action                   |  1- 3 |  4- 6 |  7- 9 || total
-------------------------+-------+-------+-------++-------
Melee: Dagger            |    65 |   218 |   156 ||   439
       Bite              |     2 |    17 |    19 ||    38
       Long sword        |       |       |    61 ||    61
Throw: Dart              |       |    11 |     5 ||    16
Evoke: Wand              |       |     3 |     7 ||    10
  Use: Potion            |       |       |     3 ||     3
 Stab: Sleeping          |     9 |     8 |     7 ||    24
       Invisible         |       |     2 |       ||     2
       Distracted        |       |       |     1 ||     1
Armor: Robe              |    14 |    64 |    57 ||   135
       Skin              |       |       |     7 ||     7
Dodge: Dodged            |    26 |   106 |   101 ||   233
       Rpst.: Long sword |       |       |    10 ||    10

Table legend: (Time is in decaauts)
 A = Elapsed time spent in this place.
 B = Non-inter-level travel time spent in this place.
 C = Inter-level travel time spent in this place.
 D = Time resting spent in this place.
 E = Time spent auto-exploring this place.
 F = Levels seen in this place.
 G = Mean time per level.
                   A        B        C        D        E       F      G
               +--------+--------+--------+--------+--------+-----+--------+
         Total |   5919 |   5686 |    233 |    422 |   4142 |   7 |  845.6 |
       Dungeon |   5836 |   5620 |    216 |    422 |   4077 |   6 |  972.7 |
        Temple |     83 |     66 |     17 |      0 |     65 |   1 |   83.0 |
               +--------+--------+--------+--------+--------+-----+--------+

Top non-repeatable levels by time:
     D:4: 1900 daAuts
     D:5: 1352 daAuts
     D:3: 1104 daAuts
     D:1: 859 daAuts
     D:2: 527 daAuts
     D:6: 91 daAuts
  Temple: 83 daAuts
